 Dungeon Crawl Stone Soup version 0.13.0-3-g966e3ec (webtiles) character file.

411 MackTheKnife the Chiller (level 5, -10/35 HPs)
             Began as a Merfolk Ice Elementalist on Oct 13, 2013.
             Mangled by Pikel
             ... wielding a +1,+0 whip of electrocution
              (17 damage)
             ... on Level 3 of the Dungeon.
             The game lasted 00:13:25 (5703 turns).

MackTheKnife the Chiller (Merfolk Ice Elementalist) Turns: 5703, Time: 00:13:25

HP -10/35        AC 12     Str 10      XL: 5   Next: 84%
MP   6/9         EV 11     Int 14      God:
Gold 205         SH  0     Dex 14      Spells:  2 memorised,  4 levels left

Res.Fire  : . . .   See Invis. : .   B - +1,+0 elf trident
Res.Cold  : . . .   Warding    : .   e - +0 leather armour
Life Prot.: . . .   Conserve   : .   (no shield)
Res.Poison: .       Res.Corr.  : .   (no helmet)
Res.Elec. : .       Clarity    : .   u - +0 cloak {darkness}
Sust.Abil.: . .     Spirit.Shd : .   a - +1 pair of gloves
Res.Mut.  : .       Stasis     : .   (no boots)
Res.Rott. : .       Flight     : .   G - amulet of rage
Saprovore : . . .                    (no ring)
                                     (no ring)

@: icy armour, slightly resistant to hostile enchantments, fairly stealthy
A: change form in water, swift swim
a: Evoke Berserk Rage, Evoke Invisibility


You were on level 3 of the Dungeon.
You were not hungry.

You visited 1 branch of the dungeon, and saw 4 of its levels.

You collected 185 gold pieces.

Inventory:

Hand weapons
 t - a +0,+0 war axe
 z - a +4,+2 quarterstaff of chaos
 B - a +1,+0 elven trident (weapon)
Armour
 a - a +1 pair of gloves (worn)
 e - a +0 leather armour (worn)
 u - a +0 cloak of darkness (worn)
Magical devices
 E - a wand of disintegration (10)
Comestibles
 d - 3 meat rations
 f - an apple
 o - 10 strawberries
 q - a choko
Scrolls
 g - a scroll of blinking {unknown}
 j - a scroll of fear {unknown}
 n - 5 scrolls of remove curse
 p - 2 scrolls of enchant armour {unknown}
 r - 3 scrolls of teleportation {unknown}
 x - a scroll of magic mapping {unknown}
 y - a scroll of enchant weapon II {unknown}
 A - a scroll of noise {unknown}
 D - a scroll of amnesia {unknown}
Jewellery
 w - an uncursed amulet of warding
 G - an amulet of rage (around neck)
Potions
 h - a potion of magic {unknown}
 i - 5 potions of heal wounds {unknown}
 l - a potion of might {unknown}
 m - a potion of poison {unknown}
 s - 4 potions of curing {unknown}
 v - a potion of slowing {unknown}
 C - a potion of porridge {unknown}
Books
 b - a book of Frost

   Spells                             Type                      Level
   *Freeze                            Ice                          1
   Throw Frost                        Conjuration/Ice              2
   *Ozocubu's Armour                  Charms/Ice                   3
   Throw Icicle                       Conjuration/Ice              4
   Summon Ice Beast                   Ice/Summoning                4
   Condensation Shield                Ice                          4


   Skills:
 + Level 0.0 Polearms
 - Level 2.6 Dodging
 - Level 2.1 Stealth
 + Level 2.0 Spellcasting
   Level 0.7 Conjurations
 + Level 6.5 Ice Magic


You had 4 spell levels left.
You knew the following spells:

 Your Spells              Type           Power        Failure   Level  Hunger
a - Freeze                Ice            ###.         1%          1    ##.....
b - Ozocubu's Armour      Chrm/Ice       ##........   21%         3    ####...


Dungeon Overview and Level Annotations

Branches:
Dungeon (4/27)
 Temple: D:4-7

Altars:
Okawaru
Vehumet

Annotations:
D:3 Narretz's ghost, average TeSk; Pikel
D:4 Blork the orc; Eustachio


Message History

Confirm with . or Enter, or press ? or * to list all spells.
Aiming: Freeze
Press: ? - help, Shift-Dir - straight line, f/p - slave
Aim: a slave wearing an animal skin (lightly wounded)
You freeze the slave.
The slave is moderately wounded.
The slave hits you!
* * * LOW HITPOINT WARNING * * *
Casting: Freeze
Confirm with . or Enter, or press ? or * to list all spells.
Okay, then.
As you open the door, it creaks loudly! The slave hits you.
* * * LOW HITPOINT WARNING * * *
Pikel shouts!
There is an open door here.
You feel less exhausted. Pikel hits you but does no damage.
Pikel hits you but does no damage.
You are electrocuted!
You die...

#############
#...........####
#.........K@'..########
#.........@.##........######
#....<......#########.......
#...........# ########
#......(....# #...........#
#...........# #####'#######
#.#


You could see Pikel and a slave.

Vanquished Creatures
  Crazy Yiuf (D:2)
  6 adders
  A gnoll (D:1)
  4 worms
  4 giant geckos
  An orc (D:3)
  10 bats
  3 giant cockroaches
  10 goblins
  5 hobgoblins
  2 oozes (D:1)
  3 ball pythons
  A giant newt (D:1)
  15 jackals
  9 kobolds
  2 quokkas
  12 rats
89 creatures vanquished.

Notes
Turn   | Place    | Note
--------------------------------------------------------------
     0 | D:1      | MackTheKnife, the Merfolk Ice Elementalist, began the quest for the Orb.
     0 | D:1      | Reached XP level 1. HP: 13/13 MP: 3/3
   443 | D:1      | Reached XP level 2. HP: 19/19 MP: 2/4
   456 | D:1      | Reached skill level 4 in Ice Magic
  1384 | D:1      | Reached XP level 3. HP: 17/24 MP: 0/5
  2021 | D:2      | Learned a level 3 spell: Ozocubu's Armour
  2033 | D:2      | Reached skill level 5 in Ice Magic
  2129 | D:2      | Reached XP level 4. HP: 30/30 MP: 0/7
  2712 | D:2      | Found a radiant altar of Vehumet.
  2772 | D:2      | Noticed Crazy Yiuf
  2778 | D:2      | Paralysed by Crazy Yiuf for 6 turns
  2785 | D:2      | Killed Crazy Yiuf
  2785 | D:2      | Reached skill level 6 in Ice Magic
  2785 | D:2      | Reached XP level 5. HP: 30/35 MP: 3/8
  3182 | D:3      | Noticed Narretz's ghost (average TeSk)
  3873 | D:3      | Found an iron altar of Okawaru.
  4915 | D:4      | Noticed Pikel
  4915 | D:4      | Noticed a slave
  4915 | D:4      | Noticed a slave
  4915 | D:4      | Noticed a slave
  4917 | D:4      | Noticed a slave
  5304 | D:4      | Noticed Blork the orc
  5306 | D:4      | Noticed Eustachio
  5703 | D:3      | Mangled by Pikel

Action                   |  1- 3 |  4- 6 || total
-------------------------+-------+-------++-------
Melee: Unarmed           |     6 |       ||     6
       Dagger            |    49 |       ||    49
       Whip              |    37 |       ||    37
       War axe           |     5 |   166 ||   171
       Trident           |       |    90 ||    90
 Cast: Freeze            |    33 |    14 ||    47
       Ozocubu's Armour  |     1 |     7 ||     8
 Abil: Evoke Berserk Rag |       |     2 ||     2
       Evoke Invisibilit |       |     1 ||     1
Evoke: Wand              |       |     1 ||     1
  Use: Scroll            |       |     3 ||     3
 Stab: Sleeping          |     1 |     2 ||     3
       Invisible         |       |     1 ||     1
